PCL
MILE HIGH BRONCOS @ REDWOOD CITY REDWOODS
08/03/2029
 
TOP OF THE 1ST
Mile High Broncos batting - Pitching for Redwood City Redwoods : RHP Ángel Germán
Pitching: RHP Ángel Germán
Batting: RHB Reynaldo Slomp 0-0: Called Strike
0-1: Ball
1-1: Foul Ball, location: 2F
1-2: Ball
2-2: Ball
3-2: Base on Balls
Batting: LHB Jim Knight 0-0: Ball
1-0: Ball
2-0: Swinging Strike
2-1: Ball
3-1: Base on Balls
Reynaldo Slomp to second
Batting: LHB Tony Báez 0-0: Called Strike
0-1: Ball
1-1: Fielders Choice at 3rd, U5 (Groundball, 5L)
Jim Knight to second
Batting: RHB António Martínez 0-0: Called Strike
0-1: Ball
1-1: Ball
2-1: Ball
3-1: 3-RUN HOME RUN (Flyball, 7LD), Distance : 341 ft
Batting: SHB Michael Field 0-0: Foul Ball, location: 2F
0-1: Ball
1-1: Called Strike
1-2: DOUBLE (Line Drive, 89S)
Batting: RHB Rodney González 0-0: Ball
1-0: Called Strike
1-1: Ball
2-1: Ball
3-1: Called Strike
3-2: Foul Ball, location: 2F
3-2: Foul Ball, location: 2F
3-2: DOUBLE (Flyball, 78XD)
Michael Field scores
Batting: SHB Tom Stevens 0-0: Ball
1-0: Ground out 6-3 (Groundball, 6)
Rodney González to third
Batting: LHB Jesús González 0-0: Ball
1-0: Foul Ball, location: 2F
1-1: Called Strike
1-2: Strikes out swinging
Top of the 1st over - 4 runs, 3 hits, 0 errors, 1 left on base; Mile High 4 - Redwood City 0
BOTTOM OF THE 1ST
Redwood City Redwoods batting - Pitching for Mile High Broncos : LHP Juan Garza
Pitching: LHP Juan Garza
Batting: RHB Robert Downing 0-0: Ground out 6-3 (Groundball, 6)
Batting: RHB Héctor Vázquez 0-0: Ground out 4-3 (Groundball, 4)
Batting: LHB Bill McCraney 0-0: Ball
1-0: Called Strike
1-1: SINGLE (Line Drive, 78M)
Batting: LHB Marcos Pérez 0-0: Ball
1-0: Foul Ball, location: 2F
1-1: SINGLE (Line Drive, 34)
Bill McCraney to second
Batting: LHB Pedro Rodríguez 0-0: Called Strike
0-1: Ball
1-1: Ball
2-1: Ball
3-1: Swinging Strike
3-2: SINGLE (Line Drive, 34)
Bill McCraney to third
Marcos Pérez to second
Bill McCraney scores
Marcos Pérez to third
Batting: LHB Vicente Chávez 0-0: Ball
1-0: Foul Ball, location: 2F
1-1: Ball
2-1: SINGLE (Line Drive, 7S)
Marcos Pérez scores
Pedro Rodríguez to second
Runner from 2nd tries for 3rd, SAFE, no throw
Batting: RHB Gilberto León 0-0: Swinging Strike
0-1: Ball
1-1: SINGLE (Groundball, 56D)
Pedro Rodríguez scores
Vicente Chávez to second
Batting: RHB Francisco Rodríguez 0-0: Called Strike
0-1: Fly out, F9 (Flyball, 89S)
Bottom of the 1st over - 3 runs, 5 hits, 0 errors, 2 left on base; Mile High 4 - Redwood City 3
TOP OF THE 2ND
Mile High Broncos batting - Pitching for Redwood City Redwoods : RHP Ángel Germán
Batting: SHB Paco Martínez 0-0: Ball
1-0: Ball
2-0: Swinging Strike
2-1: Ball
3-1: Base on Balls
Batting: RHB Reynaldo Slomp 0-0: Ball
1-0: Ball
2-0: Ball
3-0: Called Strike
3-1: Base on Balls
Paco Martínez to second
Batting: LHB Jim Knight 0-0: Called Strike
0-1: Swinging Strike
0-2: Reached on error, E4 (Groundball, 4)
Paco Martínez to third
Reynaldo Slomp to second
Batting: LHB Tony Báez 0-0: Ball
1-0: Ball
2-0: Called Strike
2-1: Called Strike
2-2: DOUBLE (Line Drive, 78D)
Paco Martínez scores
Reynaldo Slomp scores
Jim Knight to third
Batting: RHB António Martínez 0-0: Called Strike
0-1: Ball
1-1: Ball
2-1: Swinging Strike
2-2: Ball
3-2: 3-RUN HOME RUN (Flyball, 9D), Distance : 371 ft
Batting: SHB Michael Field 0-0: Ball
1-0: Foul Ball, location: 2F
1-1: Ball
2-1: Ball
3-1: Base on Balls
Batting: RHB Rodney González 0-0: Called Strike
0-1: Foul Ball, location: 2F
0-2: Ball
1-2: Foul Ball, location: 2F
1-2: Foul Ball, location: 2F
1-2: Strikes out swinging
Batting: SHB Tom Stevens 0-0: Called Strike
0-1: SINGLE (Groundball, 6D)
Michael Field to second
Batting: LHB Jesús González 0-0: Fly out, F6 (Line Drive, 56)
Lined into DP, 6-4 (Line Drive, 56)
Top of the 2nd over - 5 runs, 3 hits, 1 error, 1 left on base; Mile High 9 - Redwood City 3
BOTTOM OF THE 2ND
Redwood City Redwoods batting - Pitching for Mile High Broncos : LHP Juan Garza
Batting: LHB César Rodríguez 0-0: Hit by Pitch
Batting: RHB Robert Downing 0-0: Ball
1-0: Ball
2-0: Foul Ball, location: 2F
2-1: Swinging Strike
2-2: Strikes out looking
Batting: RHB Héctor Vázquez 0-0: Called Strike
0-1: Ball
1-1: Ball
2-1: Fly out, F9 (Flyball, 9S)
Batting: LHB Bill McCraney 0-0: Ball
1-0: Called Strike
1-1: Ball
2-1: Foul Ball, location: 2F
2-2: Foul Ball, location: 2F
2-2: Strikes out swinging
Bottom of the 2nd over - 0 runs, 0 hits, 0 errors, 1 left on base; Mile High 9 - Redwood City 3
TOP OF THE 3RD
Mile High Broncos batting - Pitching for Redwood City Redwoods : RHP Ángel Germán
Batting: SHB Paco Martínez 0-0: Ball
1-0: Called Strike
1-1: SINGLE (Groundball, 6MD)
Batting: RHB Reynaldo Slomp 0-0: Ball
1-0: Foul Ball, location: 2F
1-1: Foul Ball, location: 2F
1-2: Fly out, F9 (Flyball, 9LM)
Batting: LHB Jim Knight 0-0: Fly out, F8 (Flyball, 8LXD)
Batting: LHB Tony Báez 0-0: Ball
1-0: Ground out U3 (Groundball, 34S)
Top of the 3rd over - 0 runs, 1 hit, 0 errors, 1 left on base; Mile High 9 - Redwood City 3
BOTTOM OF THE 3RD
Redwood City Redwoods batting - Pitching for Mile High Broncos : LHP Juan Garza
Batting: LHB Marcos Pérez 0-0: SOLO HOME RUN (Flyball, 9LD), Distance : 337 ft
Batting: LHB Pedro Rodríguez 0-0: Foul Ball, location: 2F
0-1: Called Strike
0-2: Ball
1-2: Strikes out swinging
Batting: LHB Vicente Chávez 0-0: Ball
1-0: Ball
2-0: Ball
3-0: Base on Balls
Batting: RHB Gilberto León 0-0: Called Strike
0-1: Fly out, F8 (Flyball, 8RD)
Batting: RHB Francisco Rodríguez 0-0: Called Strike
0-1: Fly out, F4 (Popup, 4S)
Bottom of the 3rd over - 1 run, 1 hit, 0 errors, 1 left on base; Mile High 9 - Redwood City 4
TOP OF THE 4TH
Mile High Broncos batting - Pitching for Redwood City Redwoods : RHP Ángel Germán
Batting: RHB António Martínez 0-0: Ball
1-0: Ball
2-0: Ball
3-0: Called Strike
3-1: Foul Ball, location: 2F
3-2: Fly out, F7 (Flyball, 7D)
Batting: SHB Michael Field 0-0: Ball
1-0: Foul Ball, location: 2F
1-1: Foul Ball, location: 2F
1-2: Foul Ball, location: 2F
1-2: Ball
2-2: SINGLE (Line Drive, 78S)
Pitching: RHP José Gusmán
Batting: RHB Rodney González 0-0: Swinging Strike
0-1: Foul Ball, location: 2F
0-2: Foul Ball, location: 2F
0-2: Foul Ball, location: 2F
0-2: Ball
1-2: Ball
2-2: Ball
3-2: Strikes out swinging
Batting: SHB Tom Stevens 0-0: Called Strike
0-1: Ball
1-1: Ball
2-1: Foul Ball, location: 2F
2-2: DOUBLE (Line Drive, 9LD)
Michael Field to third
Batting: LHB Jesús González 0-0: Fly out, F9 (Flyball, 9LD)
Top of the 4th over - 0 runs, 2 hits, 0 errors, 2 left on base; Mile High 9 - Redwood City 4
BOTTOM OF THE 4TH
Redwood City Redwoods batting - Pitching for Mile High Broncos : LHP Juan Garza
Batting: LHB César Rodríguez 0-0: Called Strike
0-1: Ground out 5-3 (Groundball, 56)
Batting: RHB Robert Downing 0-0: Ball
1-0: Ball
2-0: Ball
3-0: Base on Balls
Batting: RHB Héctor Vázquez 0-0: Called Strike
0-1: Foul Ball, location: 2F
0-2: Strikes out swinging
Robert Downing steals 2nd base
Batter strikes out.
Batting: LHB Bill McCraney 0-0: Called Strike
0-1: Ball
1-1: Foul Ball, location: 2F
1-2: SINGLE (Flyball, 89M)
Robert Downing to third
Runner from 3rd tries for Home, SAFE, no throw
Batting: LHB Marcos Pérez 0-0: Foul Ball, location: 2F
0-1: Called Strike
0-2: Ball
1-2: Ground out 5-3 (Groundball, 56S)
Bottom of the 4th over - 1 run, 1 hit, 0 errors, 1 left on base; Mile High 9 - Redwood City 5
TOP OF THE 5TH
Mile High Broncos batting - Pitching for Redwood City Redwoods : RHP José Gusmán
Batting: SHB Paco Martínez 0-0: Called Strike
0-1: Ball
1-1: Foul Ball, location: 2F
1-2: SINGLE (Groundball, 56D)
Batting: RHB Reynaldo Slomp 0-0: Swinging Strike
Paco Martínez is caught stealing 2nd base
0-1: Foul Ball, location: 2F
0-2: Ground out 4-3 (Groundball, 4MD)
Batting: LHB Jim Knight 0-0: Ball
1-0: Ball
2-0: Called Strike
2-1: SINGLE (Line Drive, 8RS)
Batting: LHB Tony Báez 0-0: 2-RUN HOME RUN (Flyball, 9LD), Distance : 325 ft
Batting: RHB António Martínez 0-0: Called Strike
0-1: Ball
1-1: Foul Ball, location: 2F
1-2: Ball
2-2: Ball
3-2: Base on Balls
Batting: SHB Michael Field 0-0: Called Strike
0-1: Ball
1-1: Called Strike
1-2: Foul Ball, location: 2F
1-2: Foul Ball, location: 2F
1-2: Ball
2-2: Reached on error, E5 (Groundball, 5)
António Martínez to second
Batting: RHB Rodney González 0-0: Ball
1-0: Ball
2-0: Ball
3-0: Base on Balls
António Martínez to third
Michael Field to second
Batting: SHB Tom Stevens 0-0: Called Strike
0-1: Ball
1-1: Ball
2-1: Foul Ball, location: 2F
2-2: Ball
3-2: Fly out, F5 (Line Drive, 5S)
Top of the 5th over - 2 runs, 3 hits, 1 error, 3 left on base; Mile High 11 - Redwood City 5
BOTTOM OF THE 5TH
Redwood City Redwoods batting - Pitching for Mile High Broncos : LHP Juan Garza
Batting: LHB Pedro Rodríguez 0-0: Foul Ball, location: 2F
0-1: Ground out 3-1 (Groundball, 34)
Batting: LHB Vicente Chávez 0-0: Ball
1-0: Ball
2-0: Ball
3-0: Base on Balls
Batting: RHB Gilberto León 0-0: Called Strike
0-1: Hit by Pitch
Vicente Chávez to second
Batting: RHB Francisco Rodríguez 0-0: Ball
1-0: Called Strike
1-1: Ball
2-1: Ball
3-1: Grounds into double play, U5-3 (Groundball, 5L)
Bottom of the 5th over - 0 runs, 0 hits, 0 errors, 1 left on base; Mile High 11 - Redwood City 5
TOP OF THE 6TH
Mile High Broncos batting - Pitching for Redwood City Redwoods : RHP José Gusmán
Batting: LHB Jesús González 0-0: Ball
1-0: Ball
2-0: Called Strike
2-1: Foul Ball, location: 2F
2-2: Ball
3-2: SOLO HOME RUN (Flyball, 9LD), Distance : 337 ft
Batting: SHB Paco Martínez 0-0: Foul Ball, location: 2F
0-1: Ball
1-1: Foul Ball, location: 2F
1-2: Foul Ball, location: 2F
1-2: Strikes out swinging
Batting: RHB Reynaldo Slomp 0-0: Called Strike
0-1: Ground out U3 (Groundball, 3)
Batting: LHB Jim Knight 0-0: Ball
1-0: Foul Ball, location: 2F
1-1: Foul Ball, location: 2F
1-2: Ball
2-2: Ball
3-2: Strikes out looking
Top of the 6th over - 1 run, 1 hit, 0 errors, 0 left on base; Mile High 12 - Redwood City 5
BOTTOM OF THE 6TH
Redwood City Redwoods batting - Pitching for Mile High Broncos : LHP Juan Garza
Batting: LHB César Rodríguez 0-0: Called Strike
0-1: Called Strike
0-2: Strikes out swinging
Batting: RHB Robert Downing 0-0: Swinging Strike
0-1: Foul Ball, location: 2F
0-2: Ball
1-2: Strikes out swinging
Batting: RHB Héctor Vázquez 0-0: DOUBLE (Line Drive, 9LM)
Pitching: LHP Jorge García
Batting: LHB Bill McCraney 0-0: Swinging Strike
0-1: Fly out, F8 (Flyball, 8LXD)
Bottom of the 6th over - 0 runs, 1 hit, 0 errors, 1 left on base; Mile High 12 - Redwood City 5
TOP OF THE 7TH
Mile High Broncos batting - Pitching for Redwood City Redwoods : RHP José Gusmán
Pitching: RHP Michael Díaz
Batting: LHB Tony Báez 0-0: Ball
1-0: Ball
2-0: Ball
3-0: Called Strike
3-1: Foul Ball, location: 2F
3-2: Foul Ball, location: 2F
3-2: Strikes out swinging
Batting: RHB António Martínez 0-0: Ball
1-0: Ball
2-0: Ball
3-0: Called Strike
3-1: Called Strike
3-2: Foul Ball, location: 2F
3-2: Foul Ball, location: 2F
3-2: Base on Balls
Batting: SHB Michael Field 0-0: Called Strike
0-1: Ball
1-1: Foul Ball, location: 2F
1-2: 2-RUN HOME RUN (Flyball, 89XD), Distance : 405 ft
Batting: RHB Rodney González 0-0: Ball
1-0: Foul Ball, location: 2F
1-1: Swinging Strike
1-2: Strikes out swinging
Batting: SHB Tom Stevens 0-0: Ball
1-0: Foul Ball, location: 2F
1-1: Foul Ball, location: 2F
1-2: Foul Ball, location: 2F
1-2: Strikes out swinging
Top of the 7th over - 2 runs, 1 hit, 0 errors, 0 left on base; Mile High 14 - Redwood City 5
BOTTOM OF THE 7TH
Redwood City Redwoods batting - Pitching for Mile High Broncos : LHP Jorge García
Batting: LHB Marcos Pérez 0-0: Ball
1-0: DOUBLE (Line Drive, 9LD)
Batting: LHB Pedro Rodríguez 0-0: Fly out, F8 (Flyball, 8LM)
Batting: LHB Vicente Chávez 0-0: Ball
1-0: Called Strike
1-1: Fly out, F3 (Line Drive, 3)
Batting: RHB Gilberto León 0-0: Fly out, F9 (Flyball, 9LMF)
Bottom of the 7th over - 0 runs, 1 hit, 0 errors, 1 left on base; Mile High 14 - Redwood City 5
TOP OF THE 8TH
Mile High Broncos batting - Pitching for Redwood City Redwoods : RHP Michael Díaz
Batting: LHB Jesús González 0-0: Ball
1-0: SINGLE (Groundball, 6MD)
Batting: SHB Paco Martínez 0-0: Called Strike
0-1: Called Strike
0-2: Reached on error, E5 (Groundball, 56D)
Jesús González to second
Batting: RHB Reynaldo Slomp 0-0: Ball
1-0: Fly out, F7 (Flyball, 7S)
Batting: LHB Jim Knight 0-0: Ball
1-0: Fly out, F7 (Flyball, 78XD)
Runner from 2nd tags up, SAFE at 3rd, no throw
Batting: LHB Tony Báez 0-0: Ball
1-0: Fielders Choice at 2nd, 6-4 (Groundball, 6)
Top of the 8th over - 0 runs, 1 hit, 1 error, 2 left on base; Mile High 14 - Redwood City 5
BOTTOM OF THE 8TH
Redwood City Redwoods batting - Pitching for Mile High Broncos : LHP Jorge García
Batting: RHB Francisco Rodríguez 0-0: Fly out, F9 (Line Drive, 9)
Batting: LHB César Rodríguez 0-0: Swinging Strike
0-1: Ball
1-1: Ball
2-1: Foul Ball, location: 2F
2-2: Foul Ball, location: 2F
2-2: Ball
3-2: SINGLE (Groundball, 13) (infield hit)
Batting: RHB Robert Downing 0-0: Swinging Strike
0-1: SINGLE (Groundball, 4M) (infield hit)
César Rodríguez to second
Batting: RHB Héctor Vázquez 0-0: Called Strike
0-1: Fielders Choice at 2nd, 5-4 (Groundball, 56)
César Rodríguez to third
Batting: LHB Bill McCraney 0-0: Ball
1-0: SINGLE (Groundball, 34D)
César Rodríguez scores
Héctor Vázquez to second
Runner from 2nd tries for 3rd, SAFE, throw made to third
Batting: LHB Marcos Pérez 0-0: Ball
Passed Ball!
Héctor Vázquez scores
Bill McCraney to second
1-0: Called Strike
1-1: Ball
2-1: Ball
3-1: Called Strike
3-2: Foul Ball, location: 2F
3-2: Foul Ball, location: 2F
3-2: Ground out 4-3 (Groundball, 4)
Bottom of the 8th over - 2 runs, 3 hits, 0 errors, 1 left on base; Mile High 14 - Redwood City 7
TOP OF THE 9TH
Mile High Broncos batting - Pitching for Redwood City Redwoods : RHP Michael Díaz
Batting: RHB António Martínez 0-0: Ball
1-0: Foul Ball, location: 2F
1-1: Ball
2-1: Ground out 4-3 (Groundball, 4)
Batting: SHB Michael Field 0-0: Ball
1-0: Ball
2-0: Fly out, F9 (Flyball, 89S)
Batting: RHB Rodney González 0-0: Ball
1-0: SOLO HOME RUN (Flyball, 89XD), Distance : 386 ft
Batting: SHB Tom Stevens 0-0: Ball
1-0: Called Strike
1-1: Swinging Strike
1-2: Ball
2-2: Ball
3-2: Foul Ball, location: 2F
3-2: Base on Balls
Batting: LHB Jesús González 0-0: Swinging Strike
0-1: Fielders Choice at 2nd, 5-4 (Groundball, 5L)
Top of the 9th over - 1 run, 1 hit, 0 errors, 1 left on base; Mile High 15 - Redwood City 7
BOTTOM OF THE 9TH
Redwood City Redwoods batting - Pitching for Mile High Broncos : LHP Jorge García
Pitching: LHP Domingo Morales
Now at 2B: Keith Shaffer
Now in LF: Luis Ramos
Batting: LHB Pedro Rodríguez 0-0: Ball
1-0: Ball
2-0: Ball
3-0: Called Strike
3-1: Foul Ball, location: 2F
3-2: SINGLE (Groundball, 6MD)
Batting: LHB Vicente Chávez 0-0: Ball
1-0: Called Strike
1-1: Ball
2-1: Grounds into double play, 5-4-3 (Groundball, 56)
Batting: RHB Gilberto León 0-0: Swinging Strike
0-1: Ball
1-1: Hit by Pitch
Batting: RHB Francisco Rodríguez 0-0: Foul Ball, location: 2F
0-1: SINGLE (Line Drive, 4D)
Gilberto León to second
Batting: LHB César Rodríguez 0-0: Called Strike
0-1: Ball
1-1: Ball
2-1: Swinging Strike
2-2: Foul Ball, location: 2F
2-2: Ball
3-2: Foul Ball, location: 2F
3-2: Ground out 6-3 (Groundball, 6)
Bottom of the 9th over - 0 runs, 2 hits, 0 errors, 2 left on base; Mile High 15 - Redwood City 7
Saturday, December 16th, 2017 - OOTP Baseball 18.8 Build 76